 Dungeon Crawl Stone Soup version 0.23.1-44-gbd83930989 (webtiles) character file.

Game seed: 14873145331747800799

271 Gargoyl the Skirmisher (level 6, -1/52 HPs)
             Began as a Centaur Abyssal Knight on Mar 30, 2019.
             Was a Believer of Lugonu.
             Slain by an orc
             ... wielding a +0 trident
              (3 damage)
             ... on level 3 of the Dungeon.
             The game lasted 00:04:45 (2265 turns).

Gargoyl the Skirmisher (Centaur Abyssal Knight)     Turns: 2265, Time: 00:04:46

Health: -1/52      AC:  8    Str: 14 (15) XL:     6   Next: 2%
Magic:  8/8        EV:  4    Int:  8 (11) God:    Lugonu [**....]
Gold:   115        SH:  0    Dex:  9 (10) Spells: 5/5 levels left

rFire    . . .     SeeInvis .   b - -3 great mace (curse)
rCold    . . .     Gourm    .   (shield currently unavailable)
rNeg     . . .     Faith    .   g - +0 chain mail
rPois    .         Spirit   .   (no helmet)
rElec    .         Reflect  .   (no cloak)
rCorr    +         Harm     .   (no gloves)
MR       +....                  (no barding)
Stlth    ..........             h - amulet of magic regeneration
HPRegen  0.17/turn              f - ring of resist corrosion
MPRegen  0.36/turn              (no ring)

@: lethally poisoned (-1 -> -2), very quick
A: large, hooves 3, deformed body, speed 2, magic resistance 1, mutation
resistance 1, tough skin 3, wild magic 1
a: Depart the Abyss, Bend Space, Renounce Religion


You were on level 3 of the Dungeon.
You worshipped Lugonu.
Lugonu was pleased with you.
You were not hungry.

You visited 1 branch of the dungeon, and saw 3 of its levels.
You visited the Abyss 1 time.

You collected 115 gold pieces.

Inventory:

Hand Weapons
 a - a +3 hand axe
 b - a cursed -3 great mace (weapon)
Armour
 g - a +0 chain mail (worn)
Jewellery
 f - a ring of resist corrosion (left hand)
 h - an amulet of magic regeneration (around neck)
Scrolls
 j - a scroll of identify


   Skills:
 + Level 3.8 Fighting
 + Level 2.9 Axes
 * Level 3.0 Armour
 * Level 1.7 Dodging
 * Level 3.1 Invocations


You had 5 spell levels left.
You didn't know any spells.
Your spell library was empty.

Dungeon Overview and Level Annotations

Branches:
Dungeon (3/15)

Altars:


Innate Abilities, Weirdness & Mutations

You have hooves in place of feet.
Armour fits poorly on your strangely shaped body.
You cover ground very quickly.
You have extremely tough skin. (AC +3)
You are resistant to hostile enchantments. (MR+)
You are somewhat resistant to further mutation.
Your spells are a little harder to cast, but a little more powerful.


Message History

The orc hits you from afar with a +0 trident.
* * * LOW HITPOINT WARNING * * *
The orc hits you but does no damage.
You closely miss the orc.
You feel sick. The orc hits you but does no damage. The orc barely misses you.
The orc hits you but does no damage. The orc hits you with a +0 whip.
* * * LOW HITPOINT WARNING * * *
Your chain mail prevents you from hitting the orc.
The orc hits you but does no damage. x3
You barely miss the orc. You kick the orc.
The orc is moderately wounded.
You feel sick. The orc completely misses you.
The orc hits you but does no damage. The orc barely misses you.
You closely miss the orc. You kick the orc.
You kill the orc!
Lugonu accepts your kill.
The orc hits you from afar with a +0 trident.
* * * LOW HITPOINT WARNING * * *
The orc hits you with a +0 trident.
You die...

..........# .#
#.##.###..##.#
#.##.###.....#####
#..##................[
#..# ##.......##.#####
#..# #.......# .#
#..####..###o## #
.........# #o#
##.####.## #@# #.# #.#
#.# ######<####.# ###
.(........[.#
###########.# #.# ###


You could see 2 orcs.

Vanquished Creatures
  A hungry ghost (D:2)
  Jessica (D:2)
  Terence (D:2)
  3 adders
  A shadow imp (D:2)
  A dart slug (D:1)
  2 orcs (D:3)
  6 giant cockroaches
  6 goblins
  6 hobgoblins
  6 kobolds
  2 quokkas (D:2)
  A ball python (D:1)
  9 bats
  2 frilled lizards
  5 rats
53 creatures vanquished.

Notes
Turn   | Place    | Note
-------+----------+-------------------------------------------
     0 | Abyss:1  | Gargoyl the Centaur Abyssal Knight began the quest for the
                  | Orb.
     0 | Abyss:1  | Reached XP level 1. HP: 19/19 MP: 2/2
    38 | Abyss:1  | Noticed a large abomination
    64 | Abyss:1  | Noticed a boggart
    64 | Abyss:1  | Noticed an ice beast
    64 | Abyss:1  | a boggart changed into an ice beast
    69 | Abyss:1  | Noticed a killer bee
    72 | D:1      | Escaped the Abyss
   239 | D:1      | Reached XP level 2. HP: 24/26 MP: 3/3
   279 | D:1      | Reached skill level 1 in Dodging
   374 | D:1      | Reached * piety under Lugonu
  1154 | D:2      | Reached XP level 3. HP: 25/31 MP: 4/4
  1287 | D:2      | Noticed Jessica
  1292 | D:2      | Killed Jessica
  1382 | D:2      | Noticed Terence
  1410 | D:2      | Gained mutation: You are frail. (-10% HP) [potion of
                  | mutation]
  1410 | D:2      | Gained mutation: You occasionally shout uncontrollably at
                  | your foes. [potion of mutation]
  1410 | D:2      | Gained mutation: You are resistant to hostile enchantments.
                  | (MR+) [potion of mutation]
  1415 | D:2      | Lost mutation: You are frail. (-10% HP) [potion of
                  | mutation]
  1415 | D:2      | Lost mutation: You occasionally shout uncontrollably at
                  | your foes. [potion of mutation]
  1415 | D:2      | Gained mutation: Your spells are a little harder to cast,
                  | but a little more powerful. [potion of mutation]
  1415 | D:2      | Gained mutation: You are somewhat resistant to further
                  | mutation. [potion of mutation]
  1417 | D:2      | Killed Terence
  1417 | D:2      | Reached XP level 4. HP: 28/38 MP: 5/5
  1679 | D:2      | Reached ** piety under Lugonu
  1932 | D:2      | Noticed a hungry ghost
  1962 | D:2      | Killed a hungry ghost
  1962 | D:2      | Reached XP level 5. HP: 30/46 MP: 7/7
  2251 | D:3      | Reached XP level 6. HP: 15/52 MP: 8/8
  2264 | D:3      | HP: 2/52 [orc/+0 trident (3)]
  2265 | D:3      | Slain by an orc

Skill      XL: |  1  2  3  4 |
---------------+-------------+-----
Dodging        | 1 |  1.7
Axes           | 2 |  2.9
Armour         | 2 3 |  3.0
Invocations    | 3 |  3.1
Fighting       | |  3.8

Action                   |  1- 3 |  4- 6 || total
-------------------------+-------+-------++-------
Melee: Hand axe          |    78 |    63 ||   141
       Kick              |    16 |    22 ||    38
       Great mace        |       |    31 ||    31
Invok: Depart the Abyss  |     1 |       ||     1
  Use: Scroll            |     2 |     3 ||     5
       Potion            |     4 |     3 ||     7
  Eat: Chunk             |       |     7 ||     7
       Ration            |       |     2 ||     2
Armor: Leather armour    |    30 |     7 ||    37
       Chain mail        |       |    86 ||    86
Dodge: Dodged            |    44 |    48 ||    92
